General information
- name: BNet
- type: Ladder team game (AT/RT)
- host: Battle.net
- saver: BEAR_AND
map: Friends
- players: 8
- length: 43:14
- speed: Fast
- version: 1.26 W3XP
- replay type:

» download(404 KB)
Players
team 1 (loser)
alex8192 (
green | 18 APM | 788 actions | 42:56)
3 Priestess of the Moon
1 Trueshot Aura
1 Searing Arrows
1 Scout
» actions
| Assign group hotkey | 5 | |
| Basic commands | 15 | |
| Build / train | 134 | |
| Enter build submenu | 13 | |
| Enter hero's abilities submenu | 3 | |
| Remove unit from queue | 3 | |
| Right click | 247 | |
| Select / deselect | 312 | |
| Select group hotkey | 11 | |
| Use ability | 45 | |
788 total
» units
| Wisp | 26 | |
| Archer | 19 | |
| Huntress | 12 | |
| Goblin Zeppelin | 4 | |
| Dryad | 4 | |
| Chimaera | 42 | |
| Hippogryph | 8 | |
115 total
» upgrades
| Strength of the Wild | 3 | |
| Reinforced Hides | 3 | |
| Abolish Magic | 1 | |
| Upgrade Moon Glaive | 1 | |
| Corrosive Breath | 1 | |
9 total
» buildings
| Altar of Elders | 1 | |
| Ancient of War | 1 | |
| Moon Well | 17 | |
| Hunter's Hall | 2 | |
| Tree of Ages | 2 | |
| Ancient of Wonders | 1 | |
| Tree of Eternity | 1 | |
| Ancient of Lore | 1 | |
| Ancient of Wind | 1 | |
| Chimaera Roost | 2 | |
| Tree of Life | 1 | |
30 total
» build order
00:44 Altar of Elders
00:48 Ancient of War
01:04 Moon Well
02:04 Moon Well
03:08 Hunter's Hall
05:55 Moon Well
06:00 Moon Well
06:02 Moon Well
06:03 Moon Well
06:05 Moon Well
06:06 Moon Well
06:07 Moon Well
07:25 Hunter's Hall
07:28 Tree of Ages
10:16 Ancient of Wonders
11:10 Tree of Ages
13:43 Tree of Eternity
13:50 Ancient of Lore
14:03 Moon Well
14:05 Moon Well
14:08 Moon Well
14:10 Moon Well
14:13 Moon Well
14:14 Moon Well
14:16 Moon Well
14:23 Moon Well
16:17 Ancient of Wind
17:58 Chimaera Roost
17:59 Chimaera Roost
32:22 Tree of Life
ChickenPower_QC (
pink | 49 APM | 2108 actions | 43:13)
3 Crypt Lord
2 Carrion Beetles
1 Impale
» actions
| Build / train | 85 | |
| Enter build submenu | 30 | |
| Enter hero's abilities submenu | 3 | |
| Remove unit from queue | 11 | |
| Right click | 1535 | |
| Select / deselect | 389 | |
| Use ability | 55 | |
2108 total
» units
| Acolyte | 11 | |
| Ghoul | 2 | |
| Crypt Fiend | 26 | |
| Abomination | 14 | |
| Goblin Zeppelin | 1 | |
| Frost Wyrm | 8 | |
62 total
» upgrades
| Disease Cloud | 1 | |
| Cannibalize | 1 | |
| Freezing Breath | 1 | |
3 total
» buildings
| Ziggurat | 13 | |
| Altar of Darkness | 1 | |
| Crypt | 2 | |
| Graveyard | 1 | |
| Halls of the Dead | 1 | |
| Slaughterhouse | 2 | |
| Black Citadel | 1 | |
| Necropolis | 1 | |
| Sacrificial Pit | 1 | |
| Boneyard | 1 | |
| Spirit Tower | 3 | |
27 total
» build order
00:13 Ziggurat
00:16 Altar of Darkness
00:18 Crypt
01:11 Ziggurat
01:38 Graveyard
04:54 Crypt
05:17 Ziggurat
07:17 Ziggurat
07:27 Ziggurat
07:32 Ziggurat
11:32 Halls of the Dead
14:02 Slaughterhouse
15:17 Black Citadel
20:25 Slaughterhouse
25:39 Ziggurat
26:33 Necropolis
26:59 Ziggurat
29:15 Ziggurat
30:43 Ziggurat
33:00 Sacrificial Pit
36:52 Boneyard
38:16 Ziggurat
38:19 Ziggurat
38:22 Ziggurat
39:08 Spirit Tower
39:49 Spirit Tower
39:52 Spirit Tower
Nic (
teal | 41 APM | 1783 actions | 43:03)
3 Blademaster
2 Wind Walk
1 Critical Strike
1 Shadow Hunter
1 Healing Wave
» actions
| Basic commands | 5 | |
| Build / train | 84 | |
| Enter build submenu | 20 | |
| Enter hero's abilities submenu | 4 | |
| Give item / drop item | 1 | |
| Remove unit from queue | 1 | |
| Right click | 837 | |
| Select / deselect | 745 | |
| Use ability | 86 | |
1783 total
» units
| Peon | 13 | |
| Grunt | 14 | |
| Troll Headhunter/Berserker | 3 | |
| Demolisher | 4 | |
| Wind Rider | 11 | |
| Spirit Walker | 1 | |
| Kodo Beast | 1 | |
| Troll Batrider | 9 | |
56 total
» upgrades
| Melee Weapons | 1 | |
| Armor | 3 | |
| Spiked Barricades | 1 | |
| Burning Oil | 1 | |
| Reinforced Defenses | 1 | |
| Ranged Weapons | 3 | |
| Envenomed Spears | 1 | |
| Liquid Fire | 1 | |
12 total
» buildings
| Altar of Storms | 1 | |
| Orc Burrow | 9 | |
| Barracks | 2 | |
| War Mill | 1 | |
| Voodoo Lounge | 1 | |
| Stronghold | 1 | |
| Fortress | 1 | |
| Spirit Lodge | 1 | |
| Beastiary | 2 | |
19 total
» build order
00:07 Altar of Storms
00:09 Orc Burrow
00:32 Barracks
02:08 Orc Burrow
02:19 Barracks
02:49 Orc Burrow
02:55 War Mill
03:50 Voodoo Lounge
04:53 Orc Burrow
09:24 Stronghold
12:12 Fortress
14:08 Orc Burrow
14:11 Orc Burrow
19:07 Spirit Lodge
19:46 Beastiary
20:41 Beastiary
21:26 Orc Burrow
22:16 Orc Burrow
26:41 Orc Burrow
» items
| Lesser Clarity Potion | 3 | |
| Healing Salve | 3 | |
| Scroll of Speed | 1 | |
7 total
RaniasQc (
purple | 41 APM | 1749 actions | 43:01)
3 Paladin
2 Devotion Aura
1 Holy Light
1 Mountain King
1 Storm Bolt
» actions
| Assign group hotkey | 7 | |
| Basic commands | 2 | |
| Build / train | 90 | |
| Enter build submenu | 72 | |
| Enter hero's abilities submenu | 4 | |
| Remove unit from queue | 1 | |
| Right click | 1050 | |
| Select / deselect | 422 | |
| Select group hotkey | 7 | |
| Use ability | 94 | |
1749 total
» units
| Peasant | 17 | |
| Footman | 15 | |
| Knight | 5 | |
| Mortar Team | 8 | |
45 total
» upgrades
| Swords | 3 | |
| Plating | 2 | |
| Lumber Harvesting | 2 | |
| Animal War Training | 1 | |
| Magic Sentry | 1 | |
| Fragmentation Shards | 1 | |
| Flare | 1 | |
11 total
» buildings
| Altar of Kings | 1 | |
| Farm | 13 | |
| Barracks | 2 | |
| Lumber Mill | 1 | |
| Scout Tower | 35 | |
| Blacksmith | 3 | |
| Keep | 1 | |
| Guard Tower | 26 | |
| Castle | 1 | |
| Arcane Sanctum | 1 | |
| Workshop | 2 | |
86 total
» build order
00:10 Altar of Kings
00:19 Farm
00:46 Barracks
02:15 Barracks
03:30 Farm
04:30 Farm
05:06 Lumber Mill
05:15 Farm
05:52 Farm
06:17 Scout Tower
06:20 Scout Tower
06:42 Blacksmith
06:46 Blacksmith
07:02 Blacksmith
09:57 Farm
11:49 Keep
12:06 Farm
12:28 Scout Tower
12:35 Farm
13:05 Scout Tower
13:06 Guard Tower
13:52 Scout Tower
13:53 Guard Tower
13:56 Guard Tower
14:31 Castle
14:42 Farm
14:45 Scout Tower
14:47 Guard Tower
15:25 Guard Tower
15:29 Scout Tower
15:31 Scout Tower
15:35 Farm
16:17 Farm
16:56 Scout Tower
18:04 Scout Tower
18:05 Guard Tower
19:24 Scout Tower
20:03 Scout Tower
20:05 Guard Tower
20:32 Arcane Sanctum
20:33 Guard Tower
21:52 Scout Tower
22:19 Scout Tower
22:20 Guard Tower
23:17 Guard Tower
23:19 Scout Tower
26:02 Guard Tower
27:09 Scout Tower
27:48 Farm
27:57 Scout Tower
27:59 Guard Tower
28:25 Farm
28:31 Scout Tower
28:33 Guard Tower
28:52 Scout Tower
28:57 Scout Tower
28:59 Guard Tower
29:12 Scout Tower
29:43 Scout Tower
29:46 Scout Tower
29:47 Guard Tower
29:52 Scout Tower
29:53 Guard Tower
30:24 Guard Tower
30:34 Scout Tower
30:56 Scout Tower
31:00 Guard Tower
31:04 Guard Tower
31:28 Scout Tower
31:34 Guard Tower
31:52 Scout Tower
31:53 Scout Tower
31:58 Guard Tower
32:11 Scout Tower
32:13 Guard Tower
32:40 Scout Tower
32:48 Scout Tower
32:51 Scout Tower
32:53 Guard Tower
33:31 Workshop
33:43 Scout Tower
33:46 Scout Tower
33:50 Guard Tower
34:20 Guard Tower
34:22 Guard Tower
34:39 Workshop
team 2 (winner)
BEAR_AND (
red | 116 APM | 5020 actions | 43:14)
5 Archmage
3 Blizzard
2 Brilliance Aura
5 Mountain King
3 Storm Bolt
2 Bash
4 Paladin
2 Holy Light
2 Divine Shield
» actions
| Assign group hotkey | 10 | |
| Basic commands | 40 | |
| Build / train | 210 | |
| Enter build submenu | 163 | |
| Enter hero's abilities submenu | 14 | |
| Give item / drop item | 4 | |
| Right click | 2750 | |
| Select / deselect | 815 | |
| Select group hotkey | 455 | |
| Use ability | 559 | |
5020 total
» units
| Peasant | 21 | |
| Goblin Zeppelin | 8 | |
| Goblin Shredder | 1 | |
30 total
» upgrades
| Masonry | 2 | |
| Lumber Harvesting | 1 | |
| Magic Sentry | 1 | |
| Priest Training | 1 | |
| Sorceress Training | 1 | |
6 total
» buildings
| Altar of Kings | 1 | |
| Farm | 6 | |
| Scout Tower | 376 | |
| Lumber Mill | 3 | |
| Arcane Tower | 13 | |
| Guard Tower | 108 | |
| Keep | 4 | |
| Castle | 4 | |
| Arcane Vault | 2 | |
| Arcane Sanctum | 1 | |
| Town Hall | 1 | |
519 total
» build order
00:07 Altar of Kings
00:18 Farm
00:49 Scout Tower
00:59 Scout Tower
01:01 Lumber Mill
01:06 Scout Tower
01:17 Arcane Tower
01:20 Scout Tower
01:43 Scout Tower
02:07 Guard Tower
02:12 Guard Tower
02:12 Guard Tower
02:18 Guard Tower
02:18 Guard Tower
02:28 Guard Tower
02:38 Scout Tower
02:44 Farm
02:53 Scout Tower
02:56 Scout Tower
03:05 Guard Tower
03:17 Scout Tower
03:22 Scout Tower
03:23 Scout Tower
03:25 Scout Tower
03:27 Guard Tower
03:31 Scout Tower
03:32 Scout Tower
03:32 Scout Tower
03:51 Guard Tower
03:52 Scout Tower
03:52 Scout Tower
03:54 Guard Tower
03:55 Scout Tower
03:56 Scout Tower
04:06 Scout Tower
04:07 Scout Tower
04:07 Scout Tower
04:09 Scout Tower
04:09 Scout Tower
04:19 Scout Tower
04:20 Scout Tower
04:21 Scout Tower
04:22 Scout Tower
04:25 Scout Tower
04:26 Scout Tower
04:26 Scout Tower
04:27 Scout Tower
04:35 Arcane Tower
04:35 Guard Tower
04:42 Guard Tower
04:43 Guard Tower
04:44 Guard Tower
04:47 Guard Tower
04:48 Scout Tower
04:52 Scout Tower
04:53 Scout Tower
04:59 Guard Tower
05:01 Scout Tower
05:01 Scout Tower
05:02 Scout Tower
05:20 Guard Tower
05:25 Guard Tower
05:40 Guard Tower
05:43 Scout Tower
05:44 Scout Tower
06:01 Guard Tower
06:13 Guard Tower
06:20 Scout Tower
06:22 Guard Tower
06:30 Guard Tower
06:45 Scout Tower
06:45 Scout Tower
06:46 Scout Tower
06:47 Scout Tower
06:54 Guard Tower
06:55 Scout Tower
06:55 Scout Tower
06:56 Scout Tower
06:59 Scout Tower
07:00 Scout Tower
07:01 Scout Tower
07:04 Scout Tower
07:04 Scout Tower
07:05 Scout Tower
07:11 Guard Tower
07:23 Keep
07:24 Keep
07:24 Keep
07:38 Guard Tower
07:38 Guard Tower
07:38 Guard Tower
08:10 Scout Tower
08:11 Scout Tower
08:27 Farm
08:27 Farm
08:27 Farm
08:28 Farm
09:08 Guard Tower
09:14 Scout Tower
09:14 Scout Tower
09:15 Scout Tower
09:15 Scout Tower
09:57 Guard Tower
10:00 Scout Tower
10:00 Scout Tower
10:01 Scout Tower
10:02 Scout Tower
10:04 Guard Tower
10:05 Scout Tower
10:06 Scout Tower
10:07 Scout Tower
10:08 Scout Tower
10:09 Scout Tower
10:53 Scout Tower
10:54 Scout Tower
10:55 Scout Tower
10:55 Guard Tower
10:56 Guard Tower
10:58 Scout Tower
10:58 Scout Tower
10:59 Scout Tower
11:00 Scout Tower
11:48 Guard Tower
11:51 Scout Tower
11:51 Scout Tower
11:54 Scout Tower
12:02 Castle
12:02 Castle
12:03 Castle
12:03 Guard Tower
12:05 Guard Tower
12:29 Guard Tower
12:31 Scout Tower
12:32 Scout Tower
12:32 Scout Tower
12:33 Scout Tower
12:34 Scout Tower
12:34 Scout Tower
12:39 Scout Tower
12:39 Scout Tower
12:40 Scout Tower
12:40 Scout Tower
12:41 Scout Tower
12:42 Scout Tower
12:43 Scout Tower
12:44 Scout Tower
13:00 Guard Tower
13:16 Arcane Vault
13:19 Arcane Vault
13:55 Guard Tower
14:09 Arcane Tower
14:37 Guard Tower
14:59 Guard Tower
14:59 Guard Tower
15:00 Guard Tower
15:00 Guard Tower
15:15 Guard Tower
15:19 Scout Tower
15:37 Guard Tower
15:52 Guard Tower
16:16 Scout Tower
16:17 Scout Tower
16:17 Scout Tower
16:18 Scout Tower
16:19 Scout Tower
16:20 Scout Tower
16:28 Guard Tower
16:33 Scout Tower
16:34 Scout Tower
16:35 Scout Tower
16:36 Scout Tower
16:37 Scout Tower
17:05 Scout Tower
18:12 Scout Tower
18:15 Scout Tower
18:16 Scout Tower
18:16 Scout Tower
18:17 Guard Tower
19:09 Guard Tower
19:11 Scout Tower
19:12 Scout Tower
19:13 Scout Tower
19:13 Scout Tower
19:15 Scout Tower
19:15 Scout Tower
19:16 Scout Tower
19:17 Scout Tower
19:18 Scout Tower
19:18 Scout Tower
19:20 Scout Tower
19:26 Guard Tower
19:29 Scout Tower
19:30 Scout Tower
19:30 Scout Tower
19:31 Scout Tower
19:33 Guard Tower
19:36 Scout Tower
19:36 Scout Tower
19:37 Scout Tower
19:38 Scout Tower
19:39 Scout Tower
19:39 Scout Tower
19:40 Scout Tower
19:40 Scout Tower
19:41 Scout Tower
19:41 Scout Tower
19:43 Scout Tower
19:43 Scout Tower
19:44 Scout Tower
19:45 Scout Tower
19:45 Scout Tower
19:46 Scout Tower
19:47 Scout Tower
19:47 Scout Tower
19:51 Scout Tower
19:51 Scout Tower
19:52 Scout Tower
19:52 Scout Tower
20:03 Guard Tower
20:14 Guard Tower
20:15 Guard Tower
20:50 Scout Tower
20:51 Scout Tower
20:52 Scout Tower
20:53 Scout Tower
20:56 Scout Tower
21:27 Scout Tower
21:28 Scout Tower
21:30 Scout Tower
21:30 Guard Tower
21:32 Guard Tower
21:34 Scout Tower
21:35 Scout Tower
21:36 Scout Tower
21:36 Scout Tower
21:37 Scout Tower
21:38 Scout Tower
21:39 Scout Tower
21:40 Scout Tower
21:41 Scout Tower
21:41 Scout Tower
21:42 Scout Tower
21:42 Scout Tower
21:43 Scout Tower
21:44 Guard Tower
22:03 Guard Tower
22:05 Scout Tower
22:06 Scout Tower
22:06 Scout Tower
22:07 Scout Tower
22:07 Scout Tower
22:14 Guard Tower
22:16 Scout Tower
22:17 Scout Tower
22:25 Guard Tower
22:28 Scout Tower
22:28 Scout Tower
22:29 Scout Tower
22:30 Scout Tower
22:30 Scout Tower
22:31 Scout Tower
22:32 Scout Tower
22:32 Guard Tower
22:33 Guard Tower
22:34 Guard Tower
22:40 Guard Tower
22:41 Scout Tower
22:43 Scout Tower
22:46 Scout Tower
22:46 Scout Tower
22:47 Scout Tower
22:48 Scout Tower
22:48 Scout Tower
23:20 Guard Tower
23:22 Guard Tower
23:23 Scout Tower
23:24 Scout Tower
23:28 Scout Tower
23:28 Scout Tower
23:29 Scout Tower
23:30 Scout Tower
23:30 Scout Tower
23:30 Scout Tower
23:31 Scout Tower
23:31 Scout Tower
23:35 Guard Tower
23:36 Guard Tower
23:44 Scout Tower
23:44 Scout Tower
24:17 Guard Tower
24:59 Guard Tower
25:02 Guard Tower
25:04 Scout Tower
25:05 Scout Tower
25:06 Scout Tower
25:07 Scout Tower
25:08 Scout Tower
25:09 Scout Tower
25:10 Scout Tower
25:11 Scout Tower
25:12 Scout Tower
25:13 Scout Tower
25:16 Scout Tower
25:17 Scout Tower
25:18 Scout Tower
25:18 Scout Tower
25:19 Scout Tower
25:19 Scout Tower
25:20 Scout Tower
25:20 Scout Tower
25:21 Scout Tower
25:21 Scout Tower
25:22 Scout Tower
25:22 Scout Tower
25:53 Guard Tower
25:54 Scout Tower
25:55 Scout Tower
25:56 Scout Tower
25:57 Scout Tower
25:57 Scout Tower
25:59 Scout Tower
26:00 Scout Tower
26:00 Scout Tower
26:01 Scout Tower
26:01 Scout Tower
26:02 Scout Tower
26:02 Scout Tower
26:03 Scout Tower
26:03 Scout Tower
26:19 Scout Tower
26:19 Scout Tower
26:20 Scout Tower
26:21 Scout Tower
26:21 Scout Tower
26:22 Scout Tower
26:22 Scout Tower
27:08 Arcane Sanctum
27:24 Town Hall
27:29 Guard Tower
27:38 Scout Tower
27:38 Scout Tower
27:39 Scout Tower
27:39 Scout Tower
27:40 Scout Tower
27:40 Scout Tower
27:40 Scout Tower
27:41 Scout Tower
27:41 Scout Tower
27:42 Scout Tower
27:42 Scout Tower
27:43 Scout Tower
27:44 Scout Tower
27:45 Scout Tower
27:45 Scout Tower
27:45 Scout Tower
27:46 Scout Tower
27:46 Scout Tower
27:47 Scout Tower
27:47 Scout Tower
27:48 Scout Tower
27:48 Scout Tower
27:49 Scout Tower
28:12 Scout Tower
28:13 Scout Tower
28:25 Scout Tower
28:26 Scout Tower
28:38 Guard Tower
28:43 Scout Tower
28:44 Scout Tower
28:45 Scout Tower
28:46 Scout Tower
28:47 Scout Tower
28:48 Scout Tower
28:48 Scout Tower
28:49 Scout Tower
28:49 Scout Tower
28:50 Scout Tower
28:54 Scout Tower
28:55 Scout Tower
28:56 Scout Tower
28:57 Scout Tower
28:57 Scout Tower
28:58 Scout Tower
28:59 Scout Tower
28:59 Scout Tower
29:02 Scout Tower
29:03 Scout Tower
29:03 Scout Tower
29:04 Scout Tower
29:04 Scout Tower
29:20 Scout Tower
29:20 Scout Tower
29:21 Scout Tower
29:21 Scout Tower
29:22 Scout Tower
29:22 Scout Tower
29:23 Scout Tower
29:25 Guard Tower
29:26 Guard Tower
29:30 Arcane Tower
29:30 Arcane Tower
29:53 Arcane Tower
29:54 Guard Tower
30:02 Guard Tower
30:04 Scout Tower
30:04 Scout Tower
30:05 Scout Tower
30:05 Scout Tower
30:06 Scout Tower
30:19 Scout Tower
30:20 Scout Tower
30:25 Arcane Tower
30:26 Arcane Tower
30:32 Scout Tower
30:33 Scout Tower
30:33 Scout Tower
30:34 Scout Tower
30:35 Scout Tower
30:36 Scout Tower
30:44 Guard Tower
30:45 Scout Tower
30:46 Scout Tower
30:46 Scout Tower
30:47 Scout Tower
30:48 Scout Tower
30:49 Scout Tower
30:49 Scout Tower
30:51 Scout Tower
30:52 Scout Tower
30:52 Scout Tower
30:53 Scout Tower
30:53 Scout Tower
30:54 Scout Tower
30:55 Scout Tower
31:07 Arcane Tower
31:07 Guard Tower
31:09 Guard Tower
31:09 Guard Tower
32:25 Guard Tower
32:27 Guard Tower
32:29 Guard Tower
33:44 Guard Tower
33:47 Arcane Tower
34:17 Lumber Mill
34:18 Lumber Mill
34:20 Scout Tower
34:21 Scout Tower
34:21 Scout Tower
34:22 Scout Tower
34:23 Scout Tower
34:23 Scout Tower
34:24 Scout Tower
34:25 Scout Tower
34:26 Scout Tower
34:27 Scout Tower
34:28 Scout Tower
34:28 Scout Tower
34:29 Scout Tower
34:30 Scout Tower
34:30 Scout Tower
34:31 Scout Tower
34:31 Scout Tower
34:36 Guard Tower
34:47 Guard Tower
34:51 Scout Tower
34:51 Scout Tower
34:53 Scout Tower
34:53 Scout Tower
34:54 Scout Tower
34:56 Scout Tower
34:56 Scout Tower
34:57 Scout Tower
34:58 Scout Tower
35:42 Guard Tower
36:49 Guard Tower
37:04 Guard Tower
38:32 Scout Tower
38:33 Scout Tower
38:34 Scout Tower
38:36 Scout Tower
38:36 Scout Tower
38:37 Scout Tower
38:46 Guard Tower
40:01 Guard Tower
40:04 Scout Tower
40:05 Scout Tower
40:06 Scout Tower
40:06 Scout Tower
40:07 Scout Tower
40:07 Scout Tower
40:08 Scout Tower
40:08 Scout Tower
40:09 Scout Tower
40:10 Scout Tower
40:10 Scout Tower
40:11 Scout Tower
40:11 Scout Tower
40:13 Guard Tower
40:13 Guard Tower
40:30 Guard Tower
40:33 Scout Tower
40:34 Scout Tower
41:53 Guard Tower
42:25 Guard Tower
» items
| Healing Salve | 2 | |
| Lesser Clarity Potion | 3 | |
| Robe of the Magi +6 | 1 | |
| Potion of Restoration | 1 | |
| Scroll of Town Portal | 1 | |
| Staff of Sanctuary | 4 | |
| Inferno Stone | 2 | |
| Orb of Lightning | 2 | |
| Tiny Great Hall | 1 | |
17 total
bornintheUSA (
blue | 118 APM | 5084 actions | 43:14)
6 Warden
3 Shadow Strike
3 Blink
4 Pandaren Brewmaster
2 Breath of Fire
1 Drunken Haze
1 Drunken Brawler
4 Priestess of the Moon
2 Trueshot Aura
2 Scout
» actions
| Assign group hotkey | 6 | |
| Basic commands | 90 | |
| Build / train | 92 | |
| ESC pressed | 5 | |
| Enter build submenu | 22 | |
| Enter hero's abilities submenu | 15 | |
| Give item / drop item | 9 | |
| Right click | 2704 | |
| Select / deselect | 302 | |
| Select group hotkey | 1591 | |
| Use ability | 247 | |
5084 total
» units
| Wisp | 46 | |
| Chimaera | 2 | |
| Goblin Zeppelin | 4 | |
52 total
» upgrades
| Ultravision | 1 | |
| Nature's Blessing | 1 | |
| Well Spring | 1 | |
| Strength of the Wild | 1 | |
4 total
» buildings
| Altar of Elders | 1 | |
| Moon Well | 16 | |
| Tree of Ages | 1 | |
| Tree of Life | 3 | |
| Hunter's Hall | 1 | |
| Ancient of Wind | 1 | |
| Tree of Eternity | 2 | |
| Chimaera Roost | 2 | |
| Ancient of Wonders | 1 | |
28 total
» build order
00:04 Altar of Elders
00:09 Moon Well
01:57 Moon Well
02:00 Moon Well
02:03 Moon Well
04:47 Moon Well
04:47 Moon Well
05:11 Tree of Ages
05:52 Moon Well
05:53 Moon Well
06:02 Tree of Life
06:07 Hunter's Hall
07:32 Ancient of Wind
07:34 Tree of Eternity
10:51 Chimaera Roost
10:51 Chimaera Roost
10:54 Ancient of Wonders
14:43 Tree of Life
14:46 Tree of Life
35:10 Moon Well
35:10 Moon Well
35:12 Moon Well
35:13 Moon Well
35:13 Moon Well
35:14 Moon Well
35:15 Moon Well
35:16 Moon Well
» items
| Healing Salve | 1 | |
| Lesser Clarity Potion | 2 | |
| Orb of Venom | 1 | |
| Staff of Sanctuary | 2 | |
| Orb of Lightning | 2 | |
| Inferno Stone | 2 | |
| Scourge Bone Chimes | 1 | |
11 total
iggy_the_fisk (
orange | 128 APM | 5533 actions | 43:14)
6 Mountain King
3 Storm Bolt
2 Bash
1 Avatar
4 Paladin
2 Holy Light
2 Divine Shield
3 Pandaren Brewmaster
2 Breath of Fire
1 Drunken Haze
» actions
| Assign group hotkey | 637 | |
| Basic commands | 52 | |
| Build / train | 191 | |
| Enter build submenu | 166 | |
| Enter hero's abilities submenu | 14 | |
| Give item / drop item | 10 | |
| Right click | 2428 | |
| Select / deselect | 618 | |
| Select group hotkey | 815 | |
| Use ability | 602 | |
5533 total
» units
» upgrades
| Masonry | 3 | |
| Magic Sentry | 1 | |
| Lumber Harvesting | 2 | |
| Backpack | 1 | |
7 total
» buildings
| Altar of Kings | 1 | |
| Farm | 6 | |
| Lumber Mill | 3 | |
| Scout Tower | 279 | |
| Arcane Tower | 7 | |
| Guard Tower | 80 | |
| Keep | 4 | |
| Arcane Sanctum | 1 | |
| Arcane Vault | 2 | |
| Castle | 1 | |
| Town Hall | 1 | |
| Barracks | 1 | |
386 total
» build order
00:06 Altar of Kings
00:21 Farm
00:48 Lumber Mill
00:53 Farm
01:06 Scout Tower
01:13 Scout Tower
01:30 Scout Tower
01:55 Scout Tower
02:04 Arcane Tower
02:06 Arcane Tower
02:12 Guard Tower
02:14 Scout Tower
02:16 Scout Tower
02:45 Guard Tower
02:46 Scout Tower
02:49 Farm
03:31 Guard Tower
03:32 Scout Tower
03:33 Scout Tower
03:36 Scout Tower
03:38 Scout Tower
03:54 Scout Tower
03:58 Scout Tower
03:59 Scout Tower
04:03 Guard Tower
04:21 Guard Tower
04:27 Scout Tower
04:27 Guard Tower
04:30 Guard Tower
04:33 Scout Tower
04:34 Scout Tower
04:37 Guard Tower
04:39 Scout Tower
04:39 Scout Tower
05:18 Keep
05:19 Keep
05:19 Keep
05:37 Arcane Tower
05:38 Guard Tower
05:40 Scout Tower
05:52 Guard Tower
05:56 Scout Tower
05:57 Scout Tower
06:05 Guard Tower
06:07 Scout Tower
06:07 Scout Tower
06:23 Guard Tower
06:24 Scout Tower
06:25 Scout Tower
06:36 Guard Tower
06:58 Scout Tower
06:59 Scout Tower
07:00 Guard Tower
07:24 Guard Tower
07:26 Scout Tower
07:27 Scout Tower
07:29 Scout Tower
07:29 Scout Tower
07:31 Guard Tower
08:00 Guard Tower
08:27 Guard Tower
08:28 Scout Tower
08:57 Lumber Mill
09:00 Arcane Sanctum
09:11 Guard Tower
09:12 Scout Tower
09:57 Scout Tower
09:58 Scout Tower
09:59 Scout Tower
10:00 Scout Tower
10:28 Scout Tower
10:28 Scout Tower
10:38 Guard Tower
10:49 Scout Tower
10:52 Arcane Vault
10:57 Scout Tower
10:57 Scout Tower
11:08 Guard Tower
11:49 Scout Tower
11:49 Scout Tower
11:51 Guard Tower
11:52 Scout Tower
12:12 Scout Tower
12:21 Farm
12:22 Farm
12:25 Guard Tower
12:26 Guard Tower
12:30 Guard Tower
12:43 Scout Tower
12:55 Scout Tower
12:57 Scout Tower
12:59 Scout Tower
12:59 Scout Tower
13:14 Guard Tower
13:15 Scout Tower
13:35 Guard Tower
13:37 Scout Tower
13:38 Guard Tower
14:01 Scout Tower
14:05 Scout Tower
14:27 Guard Tower
14:28 Scout Tower
14:30 Scout Tower
14:31 Arcane Vault
14:32 Scout Tower
14:33 Scout Tower
14:35 Guard Tower
14:40 Scout Tower
14:41 Scout Tower
14:42 Scout Tower
14:43 Castle
14:58 Scout Tower
14:59 Scout Tower
14:59 Scout Tower
15:01 Guard Tower
15:02 Scout Tower
15:03 Scout Tower
15:12 Guard Tower
15:13 Scout Tower
15:52 Guard Tower
15:54 Scout Tower
15:55 Scout Tower
15:56 Scout Tower
15:56 Scout Tower
15:57 Scout Tower
15:58 Scout Tower
16:21 Guard Tower
16:23 Scout Tower
16:24 Scout Tower
16:27 Guard Tower
16:31 Scout Tower
16:44 Guard Tower
17:10 Farm
17:24 Scout Tower
17:25 Scout Tower
17:26 Guard Tower
17:45 Guard Tower
18:24 Guard Tower
18:35 Scout Tower
18:36 Scout Tower
19:10 Guard Tower
19:22 Guard Tower
19:24 Scout Tower
19:25 Scout Tower
19:30 Scout Tower
19:32 Guard Tower
19:45 Scout Tower
19:45 Scout Tower
19:46 Scout Tower
19:46 Scout Tower
19:47 Scout Tower
19:47 Scout Tower
19:47 Scout Tower
20:47 Scout Tower
20:48 Scout Tower
20:49 Guard Tower
20:50 Guard Tower
20:55 Scout Tower
20:55 Scout Tower
21:58 Guard Tower
22:08 Scout Tower
22:10 Scout Tower
22:12 Guard Tower
22:14 Scout Tower
22:15 Scout Tower
22:16 Scout Tower
22:16 Scout Tower
22:17 Scout Tower
22:18 Guard Tower
22:20 Scout Tower
22:20 Scout Tower
22:21 Scout Tower
22:22 Scout Tower
22:23 Scout Tower
22:24 Scout Tower
24:13 Guard Tower
24:14 Scout Tower
24:14 Scout Tower
24:17 Scout Tower
24:17 Scout Tower
24:18 Scout Tower
24:20 Scout Tower
24:21 Scout Tower
24:21 Scout Tower
24:22 Scout Tower
24:22 Scout Tower
24:23 Scout Tower
24:24 Scout Tower
24:24 Scout Tower
26:21 Guard Tower
26:25 Town Hall
27:19 Scout Tower
27:20 Scout Tower
27:20 Scout Tower
27:52 Scout Tower
27:53 Scout Tower
27:54 Scout Tower
27:54 Scout Tower
27:55 Scout Tower
27:55 Scout Tower
28:12 Guard Tower
28:13 Scout Tower
28:14 Scout Tower
28:16 Guard Tower
28:18 Scout Tower
28:19 Scout Tower
28:21 Scout Tower
28:22 Scout Tower
28:23 Scout Tower
28:25 Scout Tower
28:25 Scout Tower
28:26 Guard Tower
28:39 Scout Tower
28:40 Scout Tower
28:41 Scout Tower
28:41 Scout Tower
28:42 Scout Tower
28:42 Scout Tower
28:44 Scout Tower
28:44 Scout Tower
28:45 Scout Tower
28:45 Scout Tower
28:46 Scout Tower
28:47 Scout Tower
28:47 Scout Tower
28:48 Scout Tower
28:49 Scout Tower
28:49 Scout Tower
28:51 Scout Tower
28:51 Scout Tower
28:51 Scout Tower
28:52 Scout Tower
28:53 Scout Tower
28:53 Scout Tower
28:55 Scout Tower
28:55 Scout Tower
28:58 Guard Tower
28:59 Scout Tower
29:01 Scout Tower
29:55 Guard Tower
29:57 Scout Tower
29:58 Scout Tower
30:00 Scout Tower
30:01 Scout Tower
30:03 Guard Tower
30:05 Scout Tower
30:06 Scout Tower
30:06 Scout Tower
30:07 Scout Tower
30:11 Scout Tower
30:12 Scout Tower
30:12 Scout Tower
30:13 Scout Tower
30:22 Arcane Tower
31:23 Guard Tower
31:40 Guard Tower
31:44 Guard Tower
31:58 Guard Tower
31:59 Scout Tower
31:59 Scout Tower
32:00 Scout Tower
32:01 Scout Tower
32:02 Scout Tower
32:03 Scout Tower
32:05 Arcane Tower
32:13 Guard Tower
32:15 Scout Tower
32:16 Scout Tower
32:16 Scout Tower
32:17 Scout Tower
32:17 Scout Tower
32:18 Scout Tower
32:19 Scout Tower
32:19 Scout Tower
32:21 Guard Tower
32:56 Scout Tower
33:11 Scout Tower
33:12 Scout Tower
33:13 Scout Tower
33:13 Scout Tower
33:14 Scout Tower
33:15 Scout Tower
33:15 Scout Tower
33:16 Scout Tower
33:18 Arcane Tower
33:35 Guard Tower
33:36 Scout Tower
33:37 Scout Tower
33:46 Scout Tower
34:14 Guard Tower
34:34 Guard Tower
34:46 Guard Tower
34:50 Scout Tower
34:51 Scout Tower
34:51 Scout Tower
35:19 Scout Tower
35:20 Scout Tower
35:25 Scout Tower
35:25 Scout Tower
35:26 Scout Tower
35:30 Arcane Tower
35:43 Guard Tower
35:44 Scout Tower
35:46 Scout Tower
35:47 Scout Tower
35:49 Scout Tower
35:49 Scout Tower
35:50 Scout Tower
36:28 Guard Tower
36:30 Scout Tower
36:31 Scout Tower
36:31 Scout Tower
36:32 Scout Tower
36:37 Guard Tower
36:39 Scout Tower
36:40 Scout Tower
36:41 Scout Tower
36:41 Scout Tower
36:42 Scout Tower
36:43 Scout Tower
36:43 Scout Tower
36:44 Scout Tower
36:44 Scout Tower
36:45 Scout Tower
36:50 Lumber Mill
37:14 Guard Tower
37:32 Barracks
37:36 Guard Tower
37:40 Guard Tower
38:28 Guard Tower
38:31 Scout Tower
38:45 Guard Tower
38:50 Guard Tower
38:53 Scout Tower
38:54 Scout Tower
39:01 Scout Tower
39:02 Scout Tower
39:03 Scout Tower
39:03 Scout Tower
39:04 Scout Tower
39:05 Scout Tower
39:05 Scout Tower
39:05 Scout Tower
40:11 Guard Tower
40:13 Scout Tower
40:14 Scout Tower
40:15 Guard Tower
40:18 Scout Tower
40:18 Scout Tower
40:20 Scout Tower
40:21 Scout Tower
40:21 Scout Tower
40:22 Scout Tower
40:27 Scout Tower
40:28 Scout Tower
40:29 Scout Tower
40:29 Scout Tower
40:30 Scout Tower
40:31 Scout Tower
41:27 Guard Tower
41:30 Scout Tower
41:31 Scout Tower
41:31 Scout Tower
41:32 Scout Tower
41:32 Scout Tower
41:33 Scout Tower
41:34 Scout Tower
41:34 Scout Tower
41:35 Scout Tower
41:36 Scout Tower
41:36 Scout Tower
41:37 Scout Tower
41:37 Guard Tower
42:51 Guard Tower
42:52 Scout Tower
42:53 Scout Tower
42:54 Scout Tower
42:55 Scout Tower
42:56 Scout Tower
42:56 Scout Tower
42:57 Scout Tower
42:57 Scout Tower
42:58 Scout Tower
42:59 Scout Tower
» items
| Healing Salve | 6 | |
| Lesser Clarity Potion | 6 | |
| Potion of Healing | 1 | |
| Potion of Mana | 2 | |
| Orb of Lightning | 3 | |
| Scroll of Regeneration | 2 | |
| Staff of Sanctuary | 3 | |
| Scroll of Town Portal | 4 | |
| Ankh of Reincarnation | 1 | |
| Potion of Divinity | 2 | |
| Health Stone | 1 | |
| Scroll of Restoration | 2 | |
| Robe of the Magi +6 | 1 | |
| Mana Stone | 1 | |
35 total
nadman (
yellow | 139 APM | 6025 actions | 43:14)
7 Blademaster
3 Wind Walk
3 Critical Strike
1 Bladestorm
5 Tauren Chieftain
3 Shockwave
2 Endurance Aura
5 Shadow Hunter
3 Healing Wave
2 Hex
» actions
| Assign group hotkey | 9 | |
| Basic commands | 142 | |
| Build / train | 99 | |
| Enter build submenu | 16 | |
| Enter hero's abilities submenu | 19 | |
| Give item / drop item | 10 | |
| Right click | 3450 | |
| Select / deselect | 573 | |
| Select group hotkey | 1386 | |
| Use ability | 319 | |
6025 total
» units
| Peon | 14 | |
| Goblin Zeppelin | 6 | |
| Troll Batrider | 7 | |
27 total
» upgrades
| Reinforced Defenses | 1 | |
| Ranged Weapons | 1 | |
| Armor | 1 | |
| Liquid Fire | 1 | |
4 total
» buildings
| Altar of Storms | 1 | |
| Orc Burrow | 3 | |
| War Mill | 2 | |
| Voodoo Lounge | 4 | |
| Stronghold | 2 | |
| Fortress | 2 | |
| Great Hall | 2 | |
| Beastiary | 3 | |
19 total
» build order
00:12 Altar of Storms
00:20 Orc Burrow
01:07 War Mill
01:45 Voodoo Lounge
02:32 Orc Burrow
03:53 Stronghold
06:18 Fortress
10:32 Voodoo Lounge
13:10 Voodoo Lounge
13:12 Voodoo Lounge
20:23 Great Hall
20:51 Great Hall
23:50 War Mill
23:53 Beastiary
23:55 Beastiary
29:20 Orc Burrow
» items
| Lesser Clarity Potion | 9 | |
| Healing Salve | 4 | |
| Potion of Healing | 4 | |
| Orb of Lightning | 3 | |
| Potion of Mana | 5 | |
| Sobi Mask | 2 | |
| Scourge Bone Chimes | 1 | |
| Belt of Giant Strength +6 | 1 | |
| Inferno Stone | 1 | |
| Scroll of Town Portal | 1 | |
| Mana Stone | 4 | |
| Potion of Divinity | 1 | |
| Runed Bracers | 1 | |
| Boots of Quel'Thalas +6 | 3 | |
40 total
Chat log
(00:17 / All) iggy_the_fisk: welcome 2 friends
(00:18 / All) iggy_the_fisk: friends.
(00:24 / All) BEAR_AND: hey every1, i see you're french canadian
(00:32 / All) BEAR_AND: i despise your existence
(00:39 / All) RaniasQc: xD
(01:15 / All) Nic: gl hf
(01:21 / All) iggy_the_fisk: no
(01:22 / All) RaniasQc: gl hf
(01:23 / All) iggy_the_fisk: more luck to you
(01:26 / All) nadman: u need uck
(01:38 / All) Nic: haha we're pro beast tema of qc
(01:47 / All) bornintheUSA: shut the fuck up
(01:49 / All) Nic: cheker
(01:50 / All) bornintheUSA: you subhuman trash
(01:55 / All) Nic: tbnk
(01:57 / All) BEAR_AND: literally not a human
(02:01 / All) BEAR_AND: "tabernac" lmao
(02:04 / All) BEAR_AND: catholic garbage
(02:27 / All) bornintheUSA: what's it like being a shithead retard w/ same intelligence of faggots from 2000 years ago
(02:38 / All) Nic: come
(02:40 / All) Nic: blue
(02:45 / All) bornintheUSA: eat my dust
(03:08 / All) bornintheUSA: come
(03:13 / All) bornintheUSA: you guys
(03:14 / All) bornintheUSA: are really
(03:15 / All) bornintheUSA: really
(03:15 / All) bornintheUSA: bad
(03:44 / All) bornintheUSA: tabernac
(03:54 / All) Nic: asti de gay t qc
(04:15 / All) Nic: gogog
(04:32 / All) Nic: laisse
(04:34 / All) Nic: bCK
(05:03 / All) Nic: dite moi le kan voua avez
(05:08 / All) Nic: 40 de nourrittue
(05:15 / All) BEAR_AND: english you french filth
(05:35 / All) Nic: pink
(05:41 / All) Nic: vien
(10:16 / All) BEAR_AND: fuckin
(10:17 / All) BEAR_AND: idiots
(35:13 / All) Nic: k hey on mass bientot
(35:16 / All) BEAR_AND: lol
(35:17 / All) Nic: prepare toi
(35:19 / All) nadman: Die
(35:23 / All) BEAR_AND: leave this earth
(35:24 / All) BEAR_AND: quebec
(35:28 / All) nadman: away
(35:31 / All) nadman: away from friends
(35:33 / All) nadman: go to slums
(35:36 / All) Nic: lol u think that i will mas now?
(35:41 / All) alex8192: and you suck my dick
(35:42 / All) Nic: just kidding
(35:54 / All) Nic: USA suck
(35:58 / All) BEAR_AND: canada
(35:59 / All) BEAR_AND: toronto
(36:08 / All) Nic: u suck pareill fag
(36:09 / All) bornintheUSA: me montreal
(36:19 / All) RaniasQc: hey me too
(36:19 / All) alex8192: XD
(36:27 / All) bornintheUSA: just kidding if i lived in that shithole id kill myself
(38:09 / All) Nic: back
(38:19 / All) BEAR_AND: LOL
(38:21 / All) BEAR_AND: BACK INDEED
(38:23 / All) BEAR_AND: TO FRANCE
(38:26 / All) BEAR_AND: FUCKING FILTH
(38:31 / All) nadman: get off my continent
(39:49 / All) iggy_the_fisk: wow..
(40:25 / All) Nic: oui
(40:29 / All) nadman: goodbye
(40:33 / All) nadman: bye
(40:35 / All) nadman: see you
(40:36 / All) BEAR_AND: french canadian scum
(40:40 / All) BEAR_AND: the worst animal on earth
(41:08 / All) BEAR_AND: get out of here
(41:59 / All) alex8192: next time i see you i will got my normal teamate and you will die
(42:02 / All) BEAR_AND: LOL
(42:04 / All) BEAR_AND: ARE YOUS AYING
(42:06 / All) BEAR_AND: THSI TEAM IS BAD?
(42:08 / All) BEAR_AND: LOL!!!
(42:13 / All) iggy_the_fisk: why not just win now?
(42:21 / All) alex8192: its not my normal team mate
(42:35 / All) iggy_the_fisk: but he's still going to have to play with you??
(43:00 / All) BEAR_AND: lmao
(43:02 / All) BEAR_AND: fucking garbage
(43:04 / All) BEAR_AND: leave
(43:05 / All) BEAR_AND: leave
(43:05 / All) nadman: good friends
(43:06 / All) BEAR_AND: leave
(43:06 / All) BEAR_AND: leave
(43:07 / All) BEAR_AND: leave
(43:08 / All) BEAR_AND: leave
(43:09 / All) BEAR_AND: leave
(43:09 / All) BEAR_AND: leave
(43:10 / All) BEAR_AND: leave
(43:11 / All) BEAR_AND: leave
(43:11 / All) bornintheUSA: cya
(43:12 / All) bornintheUSA: trash